 Dungeon Crawl Stone Soup version 0.20.1-1-g8b1a95d (webtiles) character file.

28 Gremour the Chopper (level 3, 0/31 HPs)
             Began as a Hill Orc Abyssal Knight on Oct 30, 2017.
             Was a Follower of Lugonu.
             Slain by a bat (1 damage)
             ... on level 2 of the Dungeon.
             The game lasted 00:08:14 (1221 turns).

Gremour the Chopper (Hill Orc Abyssal Knight)       Turns: 1221, Time: 00:08:15

Health: 0/31       AC:  4    Str: 19    XL:     3   Next: 12%
Magic:  4/4        EV: 10    Int: 12    God:    Lugonu [*.....]
Gold:   40         SH:  0    Dex: 11    Spells: 2/2 levels left

rFire    . . .     SeeInvis .   e - +0 glaive
rCold    . . .     Gourm    .   (shield currently unavailable)
rNeg     . . .     Faith    .   l - -2 ring mail (curse)
rPois    .         Spirit   .   (no helmet)
rElec    .         Reflect  .   (no cloak)
rCorr    .         Harm     .   (no gloves)
MR       .....                  i - +0 pair of boots
Stlth    +.........             m - amulet of magic regeneration
Regen    0.1/turn               (no ring)
MPRegen  0.2/turn               (no ring)

@: mighty, lethally poisoned (0 -> -3)
A: no striking features
a: Depart the Abyss, Renounce Religion


You were on level 2 of the Dungeon.
You worshipped Lugonu.
Lugonu was aware of your devotion.
You were not hungry.

You visited 1 branch of the dungeon, and saw 2 of its levels.
You visited the Abyss 1 time.

You collected 40 gold pieces.

Inventory:

Hand Weapons
 a - a +1 hand axe
 e - a +0 glaive (weapon)
Armour
 b - a +0 leather armour
 i - a +0 pair of boots (worn)
 l - a cursed -2 ring mail (worn)
Jewellery
 m - an amulet of magic regeneration (around neck)
Scrolls
 d - a scroll of identify
Comestibles
 c - a bread ration
 f - 2 royal jellies


   Skills:
 - Level 3.6 Fighting
 * Level 4.7 Axes
 - Level 2.1 Armour
 - Level 0.7 Dodging
 - Level 2.4 Invocations


You had 2 spell levels left.
You didn't know any spells.

Dungeon Overview and Level Annotations

Branches:
Dungeon (2/15)

Altars:


Message History

* * * LOW HITPOINT WARNING * * *
You miss the adder.
The adder is severely wounded.
The bat misses you. The bat hits you but does no damage.
The bat barely misses you.
The quokka bites you but does no damage.
The bat hits you but does no damage. The adder bites you but does no damage.
The quokka bites you but does no damage.
The bat hits you but does no damage. x2; The adder barely misses you.
A goblin comes into view. It is wielding a club.
* * * LOW HITPOINT WARNING * * *
You feel sick. The bat hits you but does no damage. The bat barely misses you.
Found 9 gold pieces.
The bat barely misses you. The bat hits you but does no damage.
You slash the bat!
You kill the bat!
Lugonu accepts your kill.
* * * LOW HITPOINT WARNING * * *
You feel sick. The bat hits you.
You die...

... .. ...... ..
.###...# ... .
..#..####.. ..###
##.......g.
..>.####....# $.#
####.....<...##.#
.......#..###...#
#......$.##@###
#......#.Sb..#
.....#....g.##..#
###......####
#.... ##..#.##
..... #...#.#
####.. #....... .
.g.#...# #.##...


You could see an adder, a hobgoblin, a goblin and a bat.

Vanquished Creatures
  An ooze (D:1)
  A giant cockroach (D:1)
  4 goblins (D:1)
  2 hobgoblins (D:1)
  3 bats
  2 frilled lizards (D:1)
  9 kobolds (D:1)
  3 rats (D:1)
25 creatures vanquished.

Notes
Turn   | Place    | Note
-------+----------+-------------------------------------------
     0 | Abyss:1  | Gremour the Hill Orc Abyssal Knight began the quest for the Orb.
     0 | Abyss:1  | Reached XP level 1. HP: 19/19 MP: 2/2
    83 | Abyss:1  | Found a blossoming altar of Fedhas.
   174 | Abyss:2  | Noticed an ice dragon skeleton
   185 | Abyss:2  | Noticed a starcursed mass
   185 | D:1      | Escaped the Abyss
   263 | D:1      | Reached skill level 3 in Axes
   469 | D:1      | Reached * piety under Lugonu
   469 | D:1      | Reached XP level 2. HP: 26/26 MP: 3/3
   611 | D:1      | Reached skill level 4 in Axes
   939 | D:1      | Reached XP level 3. HP: 27/31 MP: 4/4
  1221 | D:2      | HP: 1/31 [poisoned by an adder]
  1221 | D:2      | Slain by a bat

Skill      XL: |  1  2 |
---------------+-------+-----
Axes           | 3 4 |  4.7
Fighting       | |  3.6
Armour         | |  2.1
Dodging        | |  0.7
Invocations    | |  2.4

Action                   || total
-------------------------++-------
Melee: Glaive            ||    81
Invok: Depart the Abyss  ||     1
  Use: Scroll            ||     4
       Potion            ||     1
  Eat: Chunk             ||     1
Armor: Leather armour    ||    13
       Ring mail         ||    28
Dodge: Dodged            ||    61
